 Dungeon Crawl Stone Soup version 0.22-a0-499-g80674aa (console) character file.

97 Homage the Conjurer (level 4, 0/24 HPs)
             Began as a Tengu Fire Elementalist on July 7, 2018.
             Succumbed to a worker ant's poison
             ... on level 2 of the Dungeon.
             The game lasted 00:05:17 (1644 turns).

Homage the Conjurer (Tengu Fire Elementalist)       Turns: 1644, Time: 00:05:17

Health: 0/24       AC:  2    Str:  8    XL:     4   Next: 68%
Magic:  4/8        EV: 13    Int: 16    God:
Gold:   124        SH:  4    Dex: 15    Spells: 4/8 levels left

rFire    . . .     SeeInvis .   a - +0 flail
rCold    . . .     Gourm    .   (no shield)
rNeg     . . .     Faith    .   e - +0 robe
rPois    .         Spirit   .   (helmet restricted)
rElec    .         Reflect  +   (no cloak)
rCorr    .         Harm     .   (no gloves)
MR       .....                  (boots unavailable)
Stlth    ++........             j - +4 amulet of reflection
HPRegen  0.08/turn              (no ring)
MPRegen  0.11/turn              (no ring)

@: lethally poisoned (0 -> -4)
A: beak, talons 3
a: no special abilities


You were on level 2 of the Dungeon.
You were not hungry.

You visited 1 branch of the dungeon, and saw 3 of its levels.

You collected 124 gold pieces.

Inventory:

Hand Weapons
 a - a +0 flail (weapon)
 g - a +0 dagger
Armour
 e - a +0 robe (worn)
Jewellery
 h - an uncursed amulet of guardian spirit
 j - a +4 amulet of reflection (around neck)
Scrolls
 f - a scroll of fog
 k - a scroll of teleportation
Books
 b - a book of Flames

   Spells                             Type                      Level
   a - Flame Tongue                   Conjuration/Fire             1
   b - Throw Flame                    Conjuration/Fire             2
   c - Conjure Flame                  Conjuration/Fire             3
   d - Inner Flame                    Hexes/Fire                   3
   e - Sticky Flame                   Conjuration/Fire             4
   f - Fireball                       Conjuration/Fire             5
Comestibles
 c - 3 rations
 d - a chunk of flesh


   Skills:
 - Level 2.3 Dodging
 - Level 2.0 Stealth
 - Level 2.6 Spellcasting
 - Level 5.0 Conjurations
 - Level 3.3 Fire Magic


You had 4 spell levels left.
You knew the following spells:

 Your Spells              Type           Power        Failure   Level  Hunger
a - Flame Tongue          Conj/Fire      ###..        3%          1    #......
b - Conjure Flame         Conj/Fire      ###.....     11%         3    ###....


Dungeon Overview and Level Annotations

Branches:
Dungeon (3/15)

Altars:


Innate Abilities, Weirdness & Mutations

You have a beak for a mouth.
You have claws for feet.


Message History

Confirm with . or Enter, or press ? or * to list all spells.
Aiming: Flame Tongue (safe; 3% risk of failure)
Press: ? - help, Shift-Dir - straight line, f - ball python
Aim: a ball python (resting)
The flame tongue hits the ball python.
You kill the ball python!
* * * LOW HITPOINT WARNING * * *
You feel sick.
* * * LOW HITPOINT WARNING * * *
You feel sick.
Found 18 bolts.
* * * LOW HITPOINT WARNING * * *
You feel sick.
* * * LOW HITPOINT WARNING * * *
You feel sick.
Found a stone staircase leading down.
* * * LOW HITPOINT WARNING * * *
You feel sick.
You aren't carrying any potions.
You die...

..........##........(..
##.#...#####.†......... # #.#...#
####........ #.###..#####........
.. ...>............ ##
..............## ###............
# # #.......#.### .###
#.@.....#... #####. ..#
#.##..#.#.#.....#.. ###.##
##.##....#.###...... .....#
##..#..............## .....#
#..>)............#...
.....########..[##..#.###..#.####
..............##......###.#......
.......<))....##......##..#...###
<.............##..............###


There were no monsters in sight!

Vanquished Creatures
  An orc priest (D:2)
  A worker ant (D:2)
  An adder (D:2)
  An ooze (D:1)
  A leopard gecko (D:1)
  3 orcs (D:2)
  2 ball pythons
  2 goblins
  5 hobgoblins
  A kobold (D:1)
  A bat (D:1)
  5 frilled lizards
  8 rats
32 creatures vanquished.

Notes
Turn   | Place    | Note
-------+----------+-------------------------------------------
     0 | D:1      | Homage the Tengu Fire Elementalist began the quest for the Orb.
     0 | D:1      | Reached XP level 1. HP: 10/10 MP: 4/4
    22 | D:1      | Reached skill level 2 in Conjurations
    27 | D:1      | Reached XP level 2. HP: 15/15 MP: 0/6
   134 | D:1      | Reached skill level 3 in Conjurations
  1053 | D:2      | Reached XP level 3. HP: 19/19 MP: 3/7
  1083 | D:1      | Reached skill level 4 in Conjurations
  1295 | D:1      | Learned a level 3 spell: Conjure Flame
  1368 | D:2      | Reached skill level 5 in Conjurations
  1368 | D:2      | Reached XP level 4. HP: 24/24 MP: 1/8
  1641 | D:2      | HP: 1/24 [poisoned by a worker ant]
  1644 | D:2      | Succumbed to a worker ant's poison

Vault maps used:
D:1:      doesnt_arrival_eight_statues, serial_curves, eino_curves_01,
          eino_curves_02, eino_curves_04
D:2:      kennysheep_generic_room_7
D:3:      first_ration

Skill      XL: |  1  2  3 |
---------------+----------+-----
Conjurations   | 2 3 5 |  5.0
Dodging        | |  2.3
Stealth        | |  2.0
Spellcasting   | |  2.6
Fire Magic     | |  3.3

Action                   |  1- 3 |  4- 6 || total
-------------------------+-------+-------++-------
Melee: Unarmed           |    30 |       ||    30
       Peck              |     5 |       ||     5
       Kick              |     6 |     1 ||     7
       Dagger            |       |     4 ||     4
 Cast: Flame Tongue      |    40 |    12 ||    52
  Use: Scroll            |     2 |     2 ||     4
       Potion            |     3 |     1 ||     4
 Stab: Sleeping          |     3 |       ||     3
  Eat: Chunk             |     2 |     1 ||     3
Armor: Robe              |    11 |       ||    11
Dodge: Dodged            |    28 |     4 ||    32

Table legend:
 A = Spawn XP
 B = Non-spawn XP
 C = Spawn XP percentage of total XP
 D = Spawn monster count
 E = Non-spawn monster count
 F = Spawn count percentage of total count
 G = Total turns spent on level
                    A         B        C        D         E        F      G
               +---------+---------+-------+---------+---------+-------+---------
         Total |       0 |     139 |   0.0 |       0 |      32 |   0.0 |  1644
               +---------+---------+-------+---------+---------+-------+---------
           D:1 |       0 |      30 |   0.0 |       0 |      17 |   0.0 |  1243
           D:2 |       0 |     109 |   0.0 |       0 |      15 |   0.0 |   383
               +---------+---------+-------+---------+---------+-------+---------
